cohdb
Replays
Latest Replays
All Replays
Popular Replays
Top Player Replays
Match Explorer
How It Works
Community
CoH3 Stats
Reddit
Sign in to upload your games and track your stats! →
Sign in with Steam
Match 45334659
Unlisted
Match 45334659
Overview
Messages
Build Orders
End
Scout Squad
Selects Special Operations Battlegroup
Selects M29 Weasel Recon Vehicle
M29 Weasel Recon Vehicle
Construct Weapon Support Center
M1919 Machine Gun Team
Sniper
M1919 Machine Gun Team
Construct Medical Station
Infantry Support Center
Selects Raiding Flares
Raiding Flares
Construct Motor Pool
M1919 Machine Gun Team
Engineer Squad
Selects SSF Commando Squad
M8 Greyhound Armored Car
M1 Anti-tank Gun Team
M1 Anti-tank Gun Team
Advanced Logistics
Engineer Squad
Construct Tank Depot
Selects P-47 Anti-Infantry Loiter
Raiding Flares
M18 Hellcat Tank Destroyer
M18 Hellcat Tank Destroyer
Selects M4A1 Sherman Whizbang
M1 Anti-tank Gun Team
M1 Anti-tank Gun Team
M18 Hellcat Tank Destroyer
P-47 Anti-Infantry Loiter
M18 Hellcat Tank Destroyer
DIV 250 BigBoss
Asenar
pagep
7k this year for sure
0
0
Comments
sign in to comment!
No comments posted yet!